 Dungeon Crawl Stone Soup version 0.30-a0-965-g42e074c17a (webtiles) character file.

Game seed: 8999788223218329987

9 EonDragon20 the Insei (level 2, -1/21 HPs)
             Began as a Merfolk Transmuter on Mar 30, 2023.
             Slain by a jackal (2 damage)
             ... on level 1 of the Dungeon.
             The game lasted 00:00:56 (89 turns).

EonDragon20 the Insei (Merfolk Transmuter)            Turns: 89, Time: 00:00:56

Health: -1/21      AC:  2    Str: 10    XL:     2   Next: 12%
Magic:  4/5        EV: 12    Int: 12    God:
Gold:   0          SH:  0    Dex: 14    Spells: 4/5 levels left

rFire   . . .      SeeInvis .      - Unarmed
rCold   . . .      Faith    .    (no shield)
rNeg    . . .      Spirit   .    a - +0 robe
rPois   .          Reflect  .    (helmet currently unavailable)
rElec   .          Rampage  .    (no cloak)
rCorr   .                        (no gloves)
Will    .....                    (boots currently unavailable)
Stlth   +                        (no amulet)
HPRegen 0.23/turn                (no ring)
MPRegen 0.09/turn                (no ring)

@: appendages
A: horns 2, (nimble swimmer 2), mertail
a: End Transformation


You were on level 1 of the Dungeon.
You had temporarily grown beastly horns.
You visited 1 branch of the dungeon, and saw 1 of its levels.

Inventory:

Armour
 a - a +0 robe (worn)
Scrolls
 d - a scroll of identify {unknown}
Potions
 b - a potion of lignification
 c - a potion of cancellation {unknown}


   Skills:
 + Level 1.3 Fighting
 - Level 2.6 Dodging
 * Level 3.5 Unarmed Combat
 + Level 2.1 Spellcasting
 * Level 3.1 Transmutations


You had 4 spell levels left.
You knew the following spells:

 Your Spells              Type           Power      Damage    Failure   Level
a - Beastly Appendage     Tmut           16%        N/A       8%          1

Your spell library contained the following spells:

 Spells                   Type           Power      Damage    Failure   Level
 Wereblood                Tmut           8%         N/A       12%         2
 Spider Form              Tmut/Pois      4%         N/A       41%         3
 Ice Form                 Ice/Tmut       4%         N/A       82%         4


Dungeon Overview and Level Annotations

Branches:
Dungeon (1/15)

Altars:


Innate Abilities, Weirdness & Mutations

You have temporarily grown beastly horns.
((You are very nimble when in or above water. (Stealth+, EV+, Speed+++)))
Your lower body shifts to a powerful aquatic tail in water.


Message History

The jackal bites you.
You hit the jackal.
You kill the jackal!
The bat barely misses you. The jackal misses you. The jackal bites you.
* * * LOW HITPOINT WARNING * * *
You have reached level 2!
The bat hits you but does no damage. The jackal bites you.
* * * LOW HITPOINT WARNING * * *
The jackal closely misses you. The jackal barely misses you.
The jackal attacks as you move away! The jackal closely misses you.
You hit the jackal.
The jackal is moderately wounded.
The jackal misses you.
Casting: Beastly Appendage (safe; 8% risk of failure)
Confirm with . or Enter, or press ? or * to list all spells.
You grow a pair of large bovine horns.
The jackal bites you.
* * * LOW HITPOINT WARNING * * *
The jackal bites you.
* * * LOW HITPOINT WARNING * * *
You hit the jackal.
The jackal is heavily wounded.
You barely miss the jackal.
The jackal is almost dead.
The jackal bites you.
* * * LOW HITPOINT WARNING * * *
The jackal barely misses you.
You hit the jackal.
You kill the jackal!
The jackal bites you.
* * * LOW HITPOINT WARNING * * *
The bat hits you but does no damage.
The jackal bites you but does no damage.
The bat hits you but does no damage.
You hit the jackal but do no damage.
The jackal is heavily wounded.
The bat hits you but does no damage. The jackal closely misses you.
You barely miss the jackal.
The jackal is heavily wounded.
The bat misses you. The jackal bites you.
You die...

≈≈ ........# ####≈#### .......#
##.......## ..
.......###.........## .#
.......##...........## .#
##.....#.............# .#
#..#..##.............##.. .
#.#..#.#b............#.#. ..#
#...#.hl@.....<.........#
....####.#.†#.#h............#.#.
#...hl..##..##.............##..
##.....h###..#.............# ..
..............##...........## ..
..#...........###.........## ..
..............# ##.......## ..
..#..........h# ####≈#### .. .
##########... §≈≈ .#


You could see 2 jackals, a bat and a frilled lizard.

Vanquished Creatures
  A ball python (D:1)
  An endoplasm (D:1)
  4 jackals (D:1)
  A rat (D:1)
7 creatures vanquished.

Notes
Turn   | Place    | Note
-------+----------+-------------------------------------------
     0 | D:1      | EonDragon20 the Merfolk Transmuter began the quest for the
                  | Orb.
     0 | D:1      | Reached XP level 1. HP: 15/15 MP: 3/3
    81 | D:1      | Reached XP level 2. HP: 6/21 MP: 5/5
    86 | D:1      | HP: 1/21 [jackal (2)]
    89 | D:1      | Slain by a jackal

Illustrated notes

Levels and vault maps discovered:
D:1:      psy_arrival_dodecagon, layout_rooms

Skill      XL: |  1 |
---------------+----+-----
Transmutations | 3 |  3.1
Fighting       | |  1.3
Dodging        | |  2.6
Unarmed Combat | |  3.5
Spellcasting   | |  2.1

Action                     || total
---------------------------++-------
  Melee: Unarmed           ||    25
         Headbutt          ||     4
         Punch             ||     1
   Cast: Beastly Appendage ||     3
 Armour: Robe              ||     8
  Dodge: Dodged            ||    40

Table legend: (Time is in decaauts)
 A = Elapsed time spent in this place.
 B = Non-inter-level travel time spent in this place.
 C = Inter-level travel time spent in this place.
 D = Time resting spent in this place.
 E = Time spent auto-exploring this place.
 F = Levels seen in this place.
 G = Mean time per level.
                   A        B        C        D        E       F      G
               +--------+--------+--------+--------+--------+-----+--------+
         Total |     87 |     87 |      0 |     10 |      0 |   1 |   87.0 |
       Dungeon |     87 |     87 |      0 |     10 |      0 |   1 |   87.0 |
               +--------+--------+--------+--------+--------+-----+--------+

Top non-repeatable levels by time:
     D:1: 87 daAuts
